 Dungeon Crawl Stone Soup version 0.17-a0-2122-g03d97ec (webtiles) character file.

1299 brucemayne the Cleaver (level 8, 0/58 HPs)
             Began as a Demonspawn Berserker on Oct 21, 2015.
             Was a Believer of Trog.
             Slain by Menkaure (11 damage)
             ... on level 6 of the Dungeon.
             The game lasted 00:07:20 (1496 turns).

brucemayne the Cleaver (Demonspawn Berserker)       Turns: 1496, Time: 00:07:21

Health: 0/58       AC:  9    Str: 20    XL:     8   Next: 31%
Magic:  8/8        EV: 10    Int:  9    God:    Trog [**....]
Gold:   146        SH:  0    Dex: 12    Spells: 0 memorised, 7 levels left

rFire  . . .     SeeInvis .     a - +0 hand axe
rCold  + . .     Clarity  .     f - +0 chain mail {MR+}
rNeg   + . .     SustAt   .     (no shield)
rPois  .         Gourm    .     (helmet restricted)
rElec  .         Spirit   .     m - +0 cloak
rCorr  .         Warding  +     (no gloves)
rMut   .         Stasis   .     (no boots)
MR     +....                    q - amulet of warding
Stlth  ..........               (no ring)
                                (no ring)

@: exhausted, slowed, very slow, somewhat resistant to hostile enchantments,
extremely unstealthy
A: antennae 1, repulsion field 1, cold resistance 1, demonic guardian 1
a: Berserk, Trog's Hand, Burn Spellbooks, Renounce Religion


You were on level 6 of the Dungeon.
You worshipped Trog.
Trog was pleased with you.
You were not hungry.

You visited 2 branches of the dungeon, and saw 8 of its levels.

You collected 146 gold pieces.

Inventory:

Hand Weapons
 a - a +0 hand axe (weapon)
Missiles
 j - 8 tomahawks (quivered)
 v - 5 poisoned needles
Armour
 b - a +0 animal skin
 f - a +0 chain mail of magic resistance (worn)
 m - a +0 cloak (worn)
Jewellery
 q - an amulet of warding (around neck)
 u - an uncursed ring of fire
Scrolls
 d - a scroll of enchant armour {unknown}
 e - a scroll of teleportation {unknown}
 g - a scroll of vulnerability {unknown}
 h - a scroll of identify
 r - a scroll of remove curse {unknown}
 s - a scroll of immolation {unknown}
Potions
 i - a potion of invisibility {unknown}
 k - a potion of flight {unknown}
 l - a potion of magic {unknown}
 n - a potion of agility {unknown}
Books
 o - a book of Ice

   Spells                             Type                      Level
   a - Ice Form                       Ice/Transmutation            4
   b - Metabolic Englaciation         Hexes/Ice                    5
   c - Ozocubu's Refrigeration        Ice                          6
   d - Bolt of Cold                   Conjuration/Ice              6
   e - Freezing Cloud                 Conjuration/Ice/Air          6
   f - Simulacrum                     Ice/Necromancy               6
   Trog disapproves of the use of such an item.
Comestibles
 c - 2 bread rations
 p - 2 chunks of flesh
 t - 3 fruits


   Skills:
 - Level 3.0 Fighting
 + Level 9.7 Axes
 - Level 1.7 Armour
 - Level 1.7 Dodging


You had 7 spell levels left.
You didn't know any spells.

Dungeon Overview and Level Annotations

Branches:
Dungeon (7/15)             Temple (1/1) D:6

Altars:
Makhleb
Okawaru
The Shining One

Annotations:
D:6 Menkaure


Innate Abilities, Weirdness & Mutations

You have a pair of small antennae on your head.
You are surrounded by a mild repulsion field (EV +2).
Your flesh is cold resistant.
A weak demonic guardian rushes to your aid.


Message History

Menkaure is heavily damaged.
You slash the orc!
You kill the orc!
Trog accepts your kill. Menkaure hits you!!
* * * LOW HITPOINT WARNING * * *
The orc throws a tomahawk.
The tomahawk misses you. Menkaure hits you.
* * * LOW HITPOINT WARNING * * *
You hit Menkaure but do no damage.
Menkaure is heavily damaged.
The orc throws a tomahawk.
The tomahawk closely misses you. Menkaure casts a spell at you.
You resist with some effort.
Unknown command.
Your chain mail prevents you from hitting Menkaure.
Menkaure is heavily damaged.
You hit the orc.
The orc is heavily wounded.
Menkaure barely misses you. The orc closely misses you. Menkaure hits you!
You die...

.....#######...####.#(.......##..
#.#.## #.....c..##.).....####
#.#.# #...#######.......# ..#.#
#...# ##.).##.#### .#..# #...#
#.#........ ###.# #..
#####.#..#..... # ##.# #..
#.......)..##.. # ##
####.#####..........##.. .#
#.....M@..........####.. #.#
#.####o##.........####.. ##
#.###.............. #.#
#.......####### ... #)......# #.#
####.#### ..# $# ### .#


You could see Menkaure and an orc.

Vanquished Creatures
  The ghost of Duffy the Carver, a novice FoBe of Trog (D:6)
  Duvessa (D:6)
  An ogre (D:6)
  A centaur (D:7)
  A crimson imp (D:5)
  An orc priest (D:6)
  A hound (D:5)
  2 jellies
  3 orc wizards
  An iguana (D:6)
  A killer bee zombie (D:6)
  2 worker ants
  A gnoll (D:6)
  3 adders
  An ooze (D:1)
  12 orcs
  A giant cockroach (D:1)
  A goblin (D:2)
  2 hobgoblins (D:2)
  2 jackals (D:5)
  2 kobolds
  2 ball pythons (D:1)
  A ball python skeleton (D:6)
  5 bats
  A giant gecko skeleton (D:4)
  3 giant newts
  A jackal skeleton (D:5)
  3 rats
57 creatures vanquished.

Vanquished Creatures (collateral kills)
  A centaur (D:6)
  Dowan (D:6)
  An orc wizard (D:5)
  2 gnolls (D:7)
  An orc (D:5)
6 creatures vanquished.

Vanquished Creatures (others)
  An orc wizard (D:5)
1 creature vanquished.

Grand Total: 64 creatures vanquished

Notes
Turn   | Place    | Note
--------------------------------------------------------------
     0 | D:1      | brucemayne the Demonspawn Berserker began the quest for the Orb.
     0 | D:1      | Reached XP level 1. HP: 18/18 MP: 1/1
   112 | D:1      | Gained mutation: You are surrounded by a mild repulsion field (EV +2). [demonic ancestry]
   112 | D:1      | Reached XP level 2. HP: 20/24 MP: 2/2
   251 | D:3      | Reached XP level 3. HP: 21/29 MP: 3/3
   328 | D:3      | Reached ** piety under Trog
   358 | D:3      | Reached skill level 4 in Axes
   395 | D:3      | Found an iron altar of Okawaru.
   470 | D:4      | Found a glowing golden altar of the Shining One.
   511 | D:4      | Reached XP level 4. HP: 25/35 MP: 4/4
   520 | D:5      | Entered Level 5 of the Dungeon
   586 | D:5      | Reached skill level 5 in Axes
   692 | D:6      | Noticed Duvessa
   703 | D:6      | Killed Duvessa
   703 | D:6      | Gained mutation: You have a pair of small antennae on your head. [demonic ancestry]
   703 | D:6      | Reached XP level 5. HP: 41/41 MP: 5/5
   739 | D:5      | Reached skill level 6 in Axes
   828 | D:5      | Gained mutation: A weak demonic guardian rushes to your aid. [demonic ancestry]
   828 | D:5      | Reached XP level 6. HP: 36/47 MP: 6/6
   964 | D:6      | Noticed Duffy's ghost (novice FoBe)
  1128 | D:6      | Reached skill level 7 in Axes
  1170 | D:6      | Killed Duffy's ghost
  1170 | D:6      | Reached skill level 8 in Axes
  1170 | D:6      | Gained mutation: Your flesh is cold resistant. [demonic ancestry]
  1170 | D:6      | Reached XP level 7. HP: 21/52 MP: 7/7
  1239 | D:7      | Reached skill level 9 in Axes
  1239 | D:7      | Reached XP level 8. HP: 25/58 MP: 8/8
  1319 | D:6      | Noticed a centaur
  1329 | D:6      | Killed a centaur
  1371 | D:6      | Found a staircase to the Ecumenical Temple.
  1384 | Temple   | Entered the Ecumenical Temple
  1459 | D:6      | Noticed an ogre
  1464 | D:6      | Noticed Dowan
  1467 | D:6      | Killed an ogre
  1474 | D:6      | Killed Dowan
  1487 | D:6      | Noticed Menkaure
  1496 | D:6      | Slain by Menkaure

Vault maps used:
D:1:      evilmike_arrival_hilbert_curve, serial_forest,
          infiniplex_forest_end_3, infiniplex_forest_lined_3_way,
          infiniplex_forest_clump_diagonal, infiniplex_forest_lined_room_2,
          infiniplex_forest_straight_2
D:2:      lemuel_crystal_altar, grunt_gozag_statues, kennysheep_boxes
D:3:      okawaru_ov_weapons_minmay, roderic_roman_lattice, uniq_sigmund
D:4:      lemuel_doored_altar, serial_shops, nicolae_shop_trees, first_bread,
          serial_bayou_pond_d
D:5:      minmay_liquid_box
D:6:      temple_statues, uniq_menkaure, uniq_duvessa
D:7:      cheibrodos_ashenzari_chains, the_bakery, centaur_isle
Temple:   oiseaux_autumnal_temple_12

Action                   |  1- 3 |  4- 6 |  7- 9 || total
-------------------------+-------+-------+-------++-------
Melee: Hand axe          |    84 |   161 |    56 ||   301
Invok: Berserk           |     3 |     5 |     2 ||    10
       Trog's Hand       |     1 |     6 |     3 ||    10
  Use: Potion            |     1 |       |       ||     1
       Scroll            |       |       |     1 ||     1
 Stab: Sleeping          |     1 |       |       ||     1
  Eat: Chunk             |     2 |     7 |       ||     9
       Meat ration       |       |       |     1 ||     1
